 Dungeon Crawl Stone Soup version 0.30-a0-748-ge6a52f7cba (webtiles) character file.

Game seed: 3643626036058835834

163 screamidelica the Magician (level 5, 0/40 HPs)
             Began as a Djinni Ice Elementalist on Feb 8, 2023.
             Slain by a gnoll
             ... wielding a +0 whip
              (3 damage)
             ... on level 3 of the Dungeon.
             The game lasted 00:04:46 (2450 turns).

screamidelica the Magician (DjIE)                   Turns: 2450, Time: 00:04:46

Health: 0/40       AC:  3    Str:  7    XL:     5   Next: 73%
Gold:   96         EV: 13    Int: 18    God:
                   SH:  0    Dex: 20

rFire   + . .      SeeInvis .    o - +4 rapier
rCold   . . .      Faith    .    (no shield)
rNeg    . . .      Spirit   .    a - +0 robe
rPois   ∞          Reflect  .    (no helmet)
rElec   .          Harm     .    (no cloak)
rCorr   .          Rampage  .    m - +0 pair of gloves
Will    .....                    (boots unavailable)
Stlth   ++                       (no amulet)
HPRegen 0.26/turn                l - +6 ring of dexterity
MPRegen 0.00/turn                j - ring of ice

@: weak-willed, flying, invisible
A: sickness immunity, fire resistance 2, cold vulnerability 1, float, innate
caster, HP casting, extra vitality 1
a: no special abilities


You were on level 3 of the Dungeon.
You visited 1 branch of the dungeon, and saw 3 of its levels.

You collected 96 gold pieces.

Inventory:

Hand Weapons
 k - a +0 dagger
 o - a +4 rapier (weapon)
Armour
 a - a +0 robe (worn)
 m - a +0 pair of gloves (worn)
Jewellery
 f - a ring of resist corrosion
 j - a ring of ice (right hand)
 l - a +6 ring of dexterity (left hand)
 q - the ring of the Ageless Invaders {rF+ Str+4}
   (You found it on level 3 of the Dungeon)

   [ring of protection from fire]

   Str:       It affects your strength (+4).
   rF:        It protects you from fire.
Scrolls
 d - 3 scrolls of identify {@r1}
 i - a scroll of teleportation {unknown}
Potions
 b - a potion of magic
 c - a potion of curing {@q1}
 e - 2 potions of lignification {unknown}
 h - 2 potions of mutation
 p - a potion of brilliance {unknown}
 r - a potion of degeneration {unknown}


   Skills:
 * Level 3.0 Fighting
 + Level 3.2 Dodging
 + Level 2.5 Stealth
 + Level 3.7 Spellcasting


You couldn't memorise any spells.
You knew the following spells:

 Your Spells              Type           Power      Damage    Failure   Level
a - Freeze                Ice            100%       1d10      3%          1
b - Frozen Ramparts       Ice            50%        1d8       10%         3
c - Ozocubu's Armour      Ice            25%        N/A       10%         3
d - Summon Ice Beast      Ice/Summ       25%        N/A       32%         4
e - Magic Dart            Conj           64%        1d6       3%          1
f - Static Discharge      Conj/Air       32%        2-4/arc   4%          2
Your spell library was empty.

Dungeon Overview and Level Annotations

Branches:
Dungeon (3/15)

Altars:
Elyvilon
Ru


Innate Abilities, Weirdness & Mutations

You are immune to sickness and miasma.
You are immune to poison.
Your flesh is very heat resistant. (rF++)
You are vulnerable to cold. (rC-)
You float through the air rather than walking.
You learn spells naturally, not from books.
Your magical power is your life essence.
You have superior vitality. (+4 MHP)


Message History

The gnoll shouts!
You puncture the gnoll!
The gnoll is severely wounded.
The gnoll barely misses you. The gnoll closely misses you.
The gnoll misses you.
The gnoll hits you from afar with a +0 halberd!
The gnoll closely misses you. x2
You are too injured to fight recklessly!
Casting: Static Discharge (safe; 4% risk of failure)
Press: ? - help, Q - select action, (/) - cycle Dir - look around, f - activate The gnoll is struck by an arc of lightning.
You kill the gnoll!
The gnoll is struck by an arc of lightning.
The gnoll is lightly wounded.
The gnoll hits you but does no damage.
The gnoll hits you from afar with a +0 halberd!
The gnoll hits you with a +0 whip.
* * * LOW HITPOINT WARNING * * *
The gnoll closely misses you.
As you read the scroll labelled FERESM DERUBEO, it crumbles to dust.
It is a scroll of identify.
h - 2 potions of mutation The gnoll hits you with a +0 whip.
* * * LOW HITPOINT WARNING * * *
The gnoll misses you.
It was a potion of curing.
You feel better. The gnoll hits you with a +0 whip. x2
* * * LOW HITPOINT WARNING * * *
The gnoll closely misses you. The gnoll closely misses you.
The gnoll attacks as you move away! The gnoll hits you with a +0 whip!
* * * LOW HITPOINT WARNING * * *
As you read the scroll labelled XICULE VEZ CIHO, it crumbles to dust.
Magic quickly surges around you.
It was a scroll of vulnerability.
The gnoll hits you but does no damage.
The gnoll hits you from afar with a +0 halberd.
* * * LOW HITPOINT WARNING * * *
It was a potion of invisibility.
You fade into invisibility!
The gnoll hits you with a +0 whip.
You die...

#......#...#######....
#....###...#### #....
#....# ##.....## #....
#....## ##.....###...>
###.....# #####...#....
#.......###### ##...#...
.#..#.)g.......# #.#.##..
........gg.###.####....###
....#####@.###.....#...# .
# #.....####...÷.###
##.#####.###.............
.........# #########.....
.........#######...#.#...
.........<....>....._....
............)###.###.##..
.)...........>.......##..
...........####..##..##..


You could see 3 gnolls.

Vanquished Creatures
  A phantom (D:3)
  A gnoll (D:3)
  3 adders (D:2)
  2 worms (D:2)
  2 dart slugs
  5 ball pythons
  2 endoplasms
  3 giant cockroaches
  2 goblins
  3 hobgoblins
  8 jackals
  3 kobolds
  2 quokkas
  5 bats
  3 frilled lizards (D:2)
  A rat (D:3)
46 creatures vanquished.

Notes
Turn   | Place    | Note
-------+----------+-------------------------------------------
     0 | D:1      | screamidelica the Djinni Ice Elementalist began the quest
                  | for the Orb.
     0 | D:1      | screamidelica set off with the following spells memorised:
                  | Freeze, Frozen Ramparts, Ozocubu's Armour, Summon Ice
                  | Beast.
     0 | D:1      | Reached XP level 1. HP: 15/15 MP: 0/0
   194 | D:1      | Reached XP level 2. HP: 17/22 MP: 0/0
   484 | D:1      | Reached skill level 1 in Fighting
   696 | D:2      | Found a white marble altar of Elyvilon.
  1053 | D:2      | Reached XP level 3. HP: 20/27 MP: 0/0
  1053 | D:2      | Learned a level 1 spell: Magic Dart
  1535 | D:2      | Reached XP level 4. HP: 23/33 MP: 0/0
  1988 | D:2      | Found a faded altar of an unknown god.
  2094 | D:3      | Found a sacrificial altar of Ru.
  2115 | D:3      | Noticed a phantom
  2138 | D:3      | Killed a phantom
  2139 | D:3      | Reached XP level 5. HP: 18/40 MP: 0/0
  2139 | D:3      | Learned a level 2 spell: Static Discharge
  2257 | D:3      | Identified the ring of the Ageless Invaders {rF+ Str+4}
  2449 | D:3      | HP: 2/40 [gnoll/+0 halberd (1)]
  2450 | D:3      | Slain by a gnoll

Illustrated notes

Levels and vault maps discovered:
D:1:      dpeg_arrival_stone_temple_mockup, layout_basic
D:2:      layout_basic, basic_altar, shapermc_ecumenical_altar_mp_vishouse
D:3:      layout_rooms, lemuel_crystal_altar, minmay_joined_circles

Skill      XL: |  1  2  3  4  5 |
---------------+----------------+-----
Fighting       | 1 2 3 |  3.0
Stealth        | 2 |  2.5
Dodging        | 3 |  3.2
Spellcasting   | |  3.7

Action                     |  1- 3 |  4- 6 || total
---------------------------+-------+-------++-------
  Melee: Unarmed           |     6 |       ||     6
         Dagger            |    64 |       ||    64
         Rapier            |       |    61 ||    61
         Punch             |       |     1 ||     1
   Cast: Freeze            |    17 |       ||    17
         Frozen Ramparts   |     1 |     1 ||     2
         Ozocubu's Armour  |       |     1 ||     1
         Static Discharge  |       |     1 ||     1
    Use: Scroll            |       |     2 ||     2
         Potion            |       |     2 ||     2
   Stab: Sleeping          |     2 |     4 ||     6
 Armour: Robe              |    26 |    16 ||    42
  Dodge: Dodged            |    69 |    54 ||   123

Table legend: (Time is in decaauts)
 A = Elapsed time spent in this place.
 B = Non-inter-level travel time spent in this place.
 C = Inter-level travel time spent in this place.
 D = Time resting spent in this place.
 E = Time spent auto-exploring this place.
 F = Levels seen in this place.
 G = Mean time per level.
                   A        B        C        D        E       F      G
               +--------+--------+--------+--------+--------+-----+--------+
         Total |   2457 |   2238 |    219 |    371 |   1491 |   3 |  819.0 |
       Dungeon |   2457 |   2238 |    219 |    371 |   1491 |   3 |  819.0 |
               +--------+--------+--------+--------+--------+-----+--------+

Top non-repeatable levels by time:
     D:2: 1399 daAuts
     D:1: 693 daAuts
     D:3: 364 daAuts
